NCAA
SOUTH CAROLINA GAMECOCKS @ TEXAS TECH RED RAIDERS
04/19/2026
 
TOP OF THE 1ST
South Carolina Gamecocks batting - Pitching for Texas Tech Red Raiders : RHP Jorge Ramírez
Pitching: RHP Jorge Ramírez
Batting: RHB Don Miller 0-0: Called Strike
0-1: Ball
1-1: Ball
2-1: Foul Ball, location: 2F
2-2: SOLO HOME RUN (Flyball, 7D), Distance : 351 ft
Batting: RHB Fernando Pérez 0-0: Ball
1-0: Swinging Strike
1-1: Foul Ball, location: 2F
1-2: Strikes out looking
Batting: LHB Chandler Pitts 0-0: Ball
1-0: Foul Ball, location: 2F
1-1: Foul Ball, location: 2F
1-2: Ground out 6-3 (Groundball, 6)
Batting: RHB Clint Ratzlaff 0-0: Ball
1-0: SINGLE (Groundball, 5L)
Batting: LHB Pat Carroll 0-0: Ball
Clint Ratzlaff steals 2nd base
1-0: Foul Ball, location: 2F
1-1: Ball
2-1: Called Strike
2-2: Foul Ball, location: 2F
2-2: Strikes out swinging
Top of the 1st over - 1 run(s), 2 hit(s), 0 error(s), 1 left on base; South Carolina 1 - Texas Tech 0
BOTTOM OF THE 1ST
Texas Tech Red Raiders batting - Pitching for South Carolina Gamecocks : RHP Rafael Lerma
Pitching: RHP Rafael Lerma
Batting: RHB Travis Ezell 0-0: Foul Ball, location: 2F
0-1: Swinging Strike
0-2: Foul Ball, location: 2F
0-2: Ball
1-2: Ball
2-2: DOUBLE (Line Drive, 8RS)
Batting: RHB Greg Hansen 0-0: Called Strike
0-1: Ball
1-1: Ball
2-1: Foul Ball, location: 2F
2-2: Ball
3-2: Foul Ball, location: 2F
3-2: Base on Balls
Batting: RHB Mark Joseph 0-0: Ball
1-0: Grounds into double play, 4-6-3 (Groundball, 4)
Travis Ezell to third
Batting: LHB Jeff Barnes 0-0: Swinging Strike
0-1: Ground out 4-3 (Groundball, 4)
Bottom of the 1st over - 0 run(s), 1 hit(s), 0 error(s), 1 left on base; South Carolina 1 - Texas Tech 0
TOP OF THE 2ND
South Carolina Gamecocks batting - Pitching for Texas Tech Red Raiders : RHP Jorge Ramírez
Batting: RHB Mike Wagner 0-0: Ball
1-0: Foul Ball, location: 2F
1-1: Fly out, F8 (Flyball, 8LXD)
Batting: LHB Bill Walter 0-0: Ball
1-0: Called Strike
1-1: Ball
2-1: Foul Ball, location: 2F
2-2: Ground out 4-3 (Groundball, 4)
Batting: RHB Sidney Smith 0-0: Ball
1-0: Ball
2-0: Called Strike
2-1: Ground out 4-3 (Groundball, 4M)
Top of the 2nd over - 0 run(s), 0 hit(s), 0 error(s), 0 left on base; South Carolina 1 - Texas Tech 0
BOTTOM OF THE 2ND
Texas Tech Red Raiders batting - Pitching for South Carolina Gamecocks : RHP Rafael Lerma
Batting: RHB Gary Miller 0-0: Ball
1-0: Called Strike
1-1: Ball
2-1: Ball
3-1: SINGLE (Line Drive, 6MD)
Batting: RHB Eliot James 0-0: Called Strike
0-1: Ball
1-1: Swinging Strike
1-2: Ball
2-2: Foul Ball, location: 2F
2-2: Ball
3-2: Base on Balls
Gary Miller to second
Batting: SHB Andrés Cruz 0-0: Ball
1-0: 3-RUN HOME RUN (Flyball, 89XD), Distance : 384 ft
Batting: RHB Cameron Irwin 0-0: Ball
1-0: Ball
2-0: Ball
3-0: Base on Balls
Batting: RHB Josh Bergman 0-0: Fielders Choice at 2nd, 3-6 (Groundball, 3)
Batting: RHB Travis Ezell 0-0: Fly out, F7 (Flyball, 78M)
Batting: RHB Greg Hansen 0-0: Ball
1-0: Ball
2-0: Called Strike
2-1: Fly out, F9 (Flyball, 89M)
Bottom of the 2nd over - 3 run(s), 2 hit(s), 0 error(s), 1 left on base; South Carolina 1 - Texas Tech 3
TOP OF THE 3RD
South Carolina Gamecocks batting - Pitching for Texas Tech Red Raiders : RHP Jorge Ramírez
Batting: RHB Justin Chandler 0-0: Ground out 5-3 (Groundball, 5)
Batting: RHB Don Miller 0-0: Ball
1-0: Ball
2-0: Ball
3-0: Foul Ball, location: 2F
3-1: Base on Balls
Batting: RHB Fernando Pérez 0-0: Ball
1-0: Ball
2-0: Grounds into double play, 5-4-3 (Groundball, 5)
Top of the 3rd over - 0 run(s), 0 hit(s), 0 error(s), 0 left on base; South Carolina 1 - Texas Tech 3
BOTTOM OF THE 3RD
Texas Tech Red Raiders batting - Pitching for South Carolina Gamecocks : RHP Rafael Lerma
Batting: RHB Mark Joseph 0-0: Swinging Strike
0-1: Swinging Strike
0-2: Foul Ball, location: 2F
0-2: Foul Ball, location: 2F
0-2: Foul Ball, location: 2F
0-2: Ball
1-2: Strikes out swinging
Batting: LHB Jeff Barnes 0-0: Ball
1-0: Foul Ball, location: 2F
1-1: Ground out 1-3 (Groundball, 25)
Batting: RHB Gary Miller 0-0: Called Strike
0-1: Foul Ball, location: 2F
Single, Error in OF, E7, batter to second base
Batting: RHB Eliot James 0-0: Ball
1-0: Ball
2-0: Ball
3-0: Base on Balls
Batting: SHB Andrés Cruz 0-0: Ball
1-0: Foul Ball, location: 2F
1-1: SINGLE (Groundball, 4MD) (infield hit)
Gary Miller to third
Eliot James to second
Batting: RHB Cameron Irwin 0-0: Called Strike
0-1: Swinging Strike
0-2: Foul Ball, location: 2F
0-2: Ground out 6-3 (Groundball, 6)
Bottom of the 3rd over - 0 run(s), 2 hit(s), 1 error(s), 3 left on base; South Carolina 1 - Texas Tech 3
TOP OF THE 4TH
South Carolina Gamecocks batting - Pitching for Texas Tech Red Raiders : RHP Jorge Ramírez
Batting: LHB Chandler Pitts 0-0: Called Strike
0-1: Foul Ball, location: 2F
0-2: Strikes out swinging
Batting: RHB Clint Ratzlaff 0-0: Ball
1-0: Ball
2-0: Called Strike
2-1: Foul Ball, location: 2F
2-2: SINGLE (Groundball, 56D) (infield hit)
Batting: LHB Pat Carroll 0-0: SINGLE (Line Drive, 9S)
Clint Ratzlaff to second
Batting: RHB Mike Wagner 0-0: Ball
1-0: Ball
2-0: Ball
3-0: Base on Balls
Clint Ratzlaff to third
Pat Carroll to second
Batting: LHB Bill Walter 0-0: Ball
1-0: SINGLE (Line Drive, 7S)
Clint Ratzlaff scores
Pat Carroll to third
Mike Wagner to second
Runner from 3rd tries for Home, SAFE, no throw or cutoff
Batting: RHB Sidney Smith 0-0: Ball
1-0: Ball
2-0: Ball
3-0: Base on Balls
Mike Wagner to third
Bill Walter to second
Batting: RHB Justin Chandler 0-0: Called Strike
0-1: Foul Ball, location: 2F
0-2: Strikes out swinging
Batting: RHB Don Miller 0-0: Swinging Strike
0-1: Swinging Strike
0-2: Fly out, F4 (Popup, 34D)
Top of the 4th over - 2 run(s), 3 hit(s), 0 error(s), 3 left on base; South Carolina 3 - Texas Tech 3
BOTTOM OF THE 4TH
Texas Tech Red Raiders batting - Pitching for South Carolina Gamecocks : RHP Rafael Lerma
Batting: RHB Josh Bergman 0-0: Foul Ball, location: 2F
0-1: Swinging Strike
0-2: Foul Ball, location: 2F
0-2: Ball
1-2: Strikes out swinging
Batting: RHB Travis Ezell 0-0: Foul Ball, location: 2F
0-1: Called Strike
0-2: Foul Ball, location: 2F
0-2: Ball
1-2: Strikes out looking
Batting: RHB Greg Hansen 0-0: Called Strike
0-1: Ball
1-1: Ball
2-1: Foul Ball, location: 2F
2-2: Ball
3-2: Ground out 3-1 (Groundball, 34)
Bottom of the 4th over - 0 run(s), 0 hit(s), 0 error(s), 0 left on base; South Carolina 3 - Texas Tech 3
TOP OF THE 5TH
South Carolina Gamecocks batting - Pitching for Texas Tech Red Raiders : RHP Jorge Ramírez
Batting: RHB Fernando Pérez 0-0: Ball
1-0: Foul Ball, location: 2F
1-1: Foul Ball, location: 2F
1-2: Foul Ball, location: 2F
1-2: Foul Ball, location: 2F
1-2: Foul Ball, location: 2F
1-2: Strikes out looking
Batting: LHB Chandler Pitts 0-0: Ball
1-0: Ball
2-0: Ground out 6-3 (Groundball, 6)
Batting: RHB Clint Ratzlaff 0-0: Ball
1-0: Ball
2-0: Called Strike
2-1: Swinging Strike
2-2: Ball
3-2: Base on Balls
Pitching: RHP Aaron Myers
Batting: LHB Pat Carroll 0-0: Ball
1-0: Ball
2-0: Called Strike
2-1: Fly out, F9 (Flyball, 9LSF)
Top of the 5th over - 0 run(s), 0 hit(s), 0 error(s), 1 left on base; South Carolina 3 - Texas Tech 3
BOTTOM OF THE 5TH
Texas Tech Red Raiders batting - Pitching for South Carolina Gamecocks : RHP Rafael Lerma
Pitching: LHP José Carlos
Batting: RHB Mark Joseph 0-0: Called Strike
0-1: Ball
1-1: Foul Ball, location: 2F
1-2: Foul Ball, location: 2F
1-2: SINGLE (Flyball, 8LS)
Batting: LHB Jeff Barnes 0-0: Fly out, F6 (Popup, 56)
Batting: RHB Gary Miller 0-0: Called Strike
0-1: Ball
1-1: Ball
2-1: Ball
3-1: Swinging Strike
3-2: Foul Ball, location: 2F
3-2: Strikes out swinging
Batting: RHB Eliot James 0-0: Ball
1-0: Ball
Mark Joseph steals 2nd base
2-0: Ball
3-0: Called Strike
3-1: SINGLE (Flyball, 9LS)
Mark Joseph to third
Runner from 3rd tries for Home, SAFE, no throw or cutoff
Batting: SHB Andrés Cruz 0-0: Swinging Strike
0-1: Ball
1-1: Foul Ball, location: 2F
1-2: Reached on error, E5 (Groundball, 5S)
Eliot James to third
Batting: RHB Cameron Irwin 0-0: Ball
1-0: Ball
2-0: Called Strike
2-1: Ball
3-1: Base on Balls
Batting: RHB Josh Bergman 0-0: Foul Ball, location: 2F
0-1: Ball
1-1: SINGLE (Line Drive, 8LS)
Eliot James scores
Andrés Cruz to third
Cameron Irwin to second
Runner from 3rd tries for Home, SAFE, no throw or cutoff
Batting: RHB Travis Ezell 0-0: Ball
1-0: Swinging Strike
1-1: Ground out 4-3 (Groundball, 4)
Bottom of the 5th over - 3 run(s), 3 hit(s), 1 error(s), 2 left on base; South Carolina 3 - Texas Tech 6
TOP OF THE 6TH
South Carolina Gamecocks batting - Pitching for Texas Tech Red Raiders : RHP Aaron Myers
Batting: RHB Mike Wagner 0-0: Called Strike
0-1: Ground out 6-3 (Groundball, 6)
Batting: LHB Bill Walter 0-0: Called Strike
0-1: Ball
1-1: Called Strike
1-2: Ball
2-2: Ball
3-2: Base on Balls
Batting: RHB Sidney Smith 0-0: Ball
1-0: Called Strike
1-1: Ball
2-1: Reached on error, E5 (Groundball, 5)
Bill Walter to second
Batting: RHB Justin Chandler 0-0: Reached on error, E4 (Groundball, 34)
Bill Walter to third
Sidney Smith to second
Batting: RHB Don Miller 0-0: Ball
1-0: SINGLE (Line Drive, 89S)
Bill Walter scores
Sidney Smith to third
Justin Chandler to second
Runner from 3rd tries for Home, SAFE, no throw or cutoff
Batting: RHB Fernando Pérez 0-0: Ball
1-0: Swinging Strike
1-1: Fly out, F9 (Flyball, 89M)
Batting: LHB Chandler Pitts 0-0: Swinging Strike
0-1: Ball
1-1: Foul Ball, location: 2F
1-2: Foul Ball, location: 2F
1-2: Foul Ball, location: 2F
1-2: Strikes out swinging
Top of the 6th over - 2 run(s), 1 hit(s), 2 error(s), 2 left on base; South Carolina 5 - Texas Tech 6
BOTTOM OF THE 6TH
Texas Tech Red Raiders batting - Pitching for South Carolina Gamecocks : LHP José Carlos
Pitching: RHP Alex Gómez
Batting: RHB Greg Hansen 0-0: Swinging Strike
0-1: Ball
1-1: Ball
2-1: Foul Ball, location: 2F
2-2: Foul Ball, location: 2F
2-2: Foul Ball, location: 2F
2-2: Foul Ball, location: 2F
2-2: Foul Ball, location: 2F
2-2: Foul Ball, location: 2F
2-2: Ground out 6-3 (Groundball, 6M)
Batting: RHB Mark Joseph 0-0: Foul Ball, location: 2F
0-1: Ball
1-1: Ball
2-1: Swinging Strike
2-2: Ball
3-2: Base on Balls
Batting: LHB Jeff Barnes 0-0: Ball
1-0: Ball
2-0: Ball
3-0: Called Strike
3-1: Called Strike
3-2: Foul Ball, location: 2F
3-2: Base on Balls
Mark Joseph to second
Batting: RHB Gary Miller 0-0: Ball
1-0: Ball
2-0: Foul Ball, location: 2F
2-1: Fly out, F9 (Flyball, 9M)
Batting: RHB Eliot James 0-0: Called Strike
0-1: Foul Ball, location: 2F
0-2: Ball
1-2: Foul Ball, location: 2F
1-2: Strikes out swinging
Bottom of the 6th over - 0 run(s), 0 hit(s), 0 error(s), 2 left on base; South Carolina 5 - Texas Tech 6
TOP OF THE 7TH
South Carolina Gamecocks batting - Pitching for Texas Tech Red Raiders : RHP Aaron Myers
Batting: RHB Clint Ratzlaff 0-0: Ground out 6-3 (Groundball, 6M)
Batting: LHB Pat Carroll 0-0: Ball
1-0: SOLO HOME RUN (Flyball, 9D), Distance : 343 ft
Batting: RHB Mike Wagner 0-0: Ball
1-0: Ball
2-0: Foul Ball, location: 2F
2-1: SINGLE (Groundball, 56)
Batting: LHB Bill Walter 0-0: Ball
1-0: Called Strike
1-1: Ball
2-1: Ball
3-1: Base on Balls
Mike Wagner to second
Batting: RHB Sidney Smith 0-0: Called Strike
0-1: Swinging Strike
0-2: Foul Ball, location: 2F
0-2: Strikes out looking
Batting: RHB Justin Chandler 0-0: Foul Ball, location: 2F
0-1: Ball
1-1: Ball
2-1: Called Strike
2-2: Ball
3-2: Base on Balls
Mike Wagner to third
Bill Walter to second
Batting: RHB Don Miller 0-0: Called Strike
0-1: Swinging Strike
0-2: Strikes out looking
Top of the 7th over - 1 run(s), 2 hit(s), 0 error(s), 3 left on base; South Carolina 6 - Texas Tech 6
BOTTOM OF THE 7TH
Texas Tech Red Raiders batting - Pitching for South Carolina Gamecocks : RHP Alex Gómez
Batting: SHB Andrés Cruz 0-0: Foul Ball, location: 2F
0-1: SINGLE (Groundball, 6MD)
Batting: RHB Cameron Irwin 0-0: Called Strike
0-1: Foul Ball, location: 2F
0-2: Ball
1-2: Ball
2-2: Ball
3-2: Foul Ball, location: 2F
3-2: Base on Balls
Andrés Cruz to second
Batting: RHB Josh Bergman 0-0: Sac Bunt - play at first, batter OUT! U3
Andrés Cruz to third
Cameron Irwin to second
Batting: RHB Travis Ezell 0-0: Ball
1-0: Called Strike
1-1: Fly out, F8 (Flyball, 8LM)
Runner from 3rd tags up, SCORES, throw made
Batting: RHB Greg Hansen 0-0: Ball
1-0: Ball
2-0: SINGLE (Groundball, 6MD)
Cameron Irwin to third
Runner from 3rd tries for Home, SAFE, no throw or cutoff
Batting: RHB Mark Joseph 0-0: Ball
1-0: Called Strike
1-1: Ball
2-1: Ball
3-1: Ground out 1-3 (Groundball, 13)
Bottom of the 7th over - 2 run(s), 2 hit(s), 0 error(s), 1 left on base; South Carolina 6 - Texas Tech 8
TOP OF THE 8TH
South Carolina Gamecocks batting - Pitching for Texas Tech Red Raiders : RHP Aaron Myers
Pitching: RHP Benton Wilkerson
Batting: RHB Fernando Pérez 0-0: Ball
1-0: Reached on error, E5 (Groundball, 5S)
Pitching: RHP Juan Castro
Batting: LHB Chandler Pitts 0-0: Foul Ball, location: 2F
0-1: Foul Ball, location: 2F
0-2: Foul Ball, location: 2F
0-2: Ball
1-2: Foul Ball, location: 2F
1-2: Ball
2-2: Strikes out looking
Batting: RHB Clint Ratzlaff 0-0: Called Strike
0-1: Foul Ball, location: 2F
0-2: Ball
1-2: Strikes out swinging
Pitching: LHP Dan Marshall
Batting: LHB Pat Carroll 0-0: Ball
1-0: Ball
2-0: Foul Ball, location: 2F
2-1: Ball
3-1: Foul Ball, location: 2F
3-2: SINGLE (Flyball, 7LS)
Fernando Pérez to second
Fernando Pérez to third
Pitching: RHP César Martínez
Batting: RHB Mike Wagner 0-0: Called Strike
0-1: Called Strike
0-2: Ball
1-2: SINGLE (Flyball, 9S)
Fernando Pérez scores
Pat Carroll to second
Runner from 2nd tries for 3rd, SAFE, throw made to third
Batting: LHB Bill Walter 0-0: Ball
1-0: Foul Ball, location: 2F
1-1: Called Strike
1-2: Fly out, F3 (Popup, 34S)
Top of the 8th over - 1 run(s), 2 hit(s), 1 error(s), 2 left on base; South Carolina 7 - Texas Tech 8
BOTTOM OF THE 8TH
Texas Tech Red Raiders batting - Pitching for South Carolina Gamecocks : RHP Alex Gómez
Pitching: RHP Bryan Smith
Batting: LHB Jeff Barnes 0-0: Ball
1-0: Called Strike
1-1: Ball
2-1: Ball
3-1: Base on Balls
Batting: RHB Gary Miller 0-0: Ball
1-0: Ball
2-0: Ball
3-0: Base on Balls
Jeff Barnes to second
Pinch Runner at 2nd Mike Miller:
Batting: RHB Eliot James 0-0: Called Strike
0-1: Ball
1-1: Swinging Strike
1-2: Foul Ball, location: 2F
1-2: Ground out 5-3 (Groundball, 5S)
Mike Miller to third
Gary Miller to second
Batting: SHB Andrés Cruz 0-0: Intentional Walk
Batting: RHB Cameron Irwin 0-0: Swinging Strike
0-1: Foul Ball, location: 2F
0-2: Ball
1-2: Foul Ball, location: 2F
1-2: Ball
2-2: Ball
3-2: Strikes out swinging
Batting: RHB Josh Bergman 0-0: Called Strike
0-1: Swinging Strike
0-2: Foul Ball, location: 2F
0-2: Strikes out swinging
Bottom of the 8th over - 0 run(s), 0 hit(s), 0 error(s), 3 left on base; South Carolina 7 - Texas Tech 8
TOP OF THE 9TH
South Carolina Gamecocks batting - Pitching for Texas Tech Red Raiders : RHP César Martínez
Pitching: RHP Javier Carrillo
Now in LF: Mike Miller
Batting: RHB Sidney Smith 0-0: Called Strike
0-1: Swinging Strike
0-2: Ball
1-2: Ball
2-2: Strikes out swinging
Batting: RHB Justin Chandler 0-0: Ball
1-0: Ground out 5-3 (Groundball, 5)
Batting: RHB Don Miller 0-0: Called Strike
0-1: Ball
1-1: DOUBLE (Line Drive, 7LM)
Pinch Runner at 2nd Gilberto Ortíz:
Batting: RHB Fernando Pérez 0-0: Ball
1-0: Called Strike
1-1: Called Strike
1-2: Strikes out swinging
Top of the 9th over - 0 run(s), 1 hit(s), 0 error(s), 1 left on base; South Carolina 7 - Texas Tech 8
Monday, December 5th, 2016 - OOTP Baseball 17.12 Build 75